Map: Romanticídio LE

Players

JulianoSledz - Winner!

  • Race: Protoss Protoss
  • League: Gold

FIDALGO

  • Race: Terran Terran
  • League: Gold

VOD

Have the link to the VOD?

Description

Time

  • Played on: Oct. 5, 2021, 7:06 p.m.
  • Length: 7:36
Show
View Real Time Build Order
Export as new Build Order

JulianoSledz Protoss - Winner!

Build Orders: Nexus First 

Get SALT Encoding   

  12  0:00  Probe  
  13  0:12  Probe  
  14  0:24  Probe  
  15  0:52  Nexus  
  15  0:57  Pylon  
  15  1:02  Pylon  
  15  1:15  Probe  
  16  1:24  Gateway  
  16  1:31  Forge  
  16  1:35  Pylon  
  17  1:40  Probe  
  17  1:45  Assimilator  
  17  1:52  Probe  
  18  2:04  Probe  
  19  2:16  Probe  
  20  2:29  Pylon  
  20  2:32  Probe  
  21  2:39  Cybernetics Core  
  21  2:46  Probe (Chrono Boost)  
  21  2:47  Assimilator  
  21  2:50  Probe (Chrono Boost)  
  23  2:57  Photon Cannon  
  24  3:00  Probe (Chrono Boost)  
  24  3:01  Probe (Chrono Boost)  
  25  3:08  Probe x2 (Chrono Boost)  
  25  3:12  Warp Gate (Chrono Boost)  
  27  3:16  Probe (Chrono Boost)  
  27  3:17  Stalker  
  30  3:26  Gateway  
  30  3:27  Gateway  
  30  3:28  Probe (Chrono Boost)  
  30  3:33  Assimilator  
  31  3:38  Probe (Chrono Boost)  
  31  3:40  Probe (Chrono Boost)  
  33  3:43  Probe (Chrono Boost)  
  33  3:47  Stalker  
  36  3:49  Probe  
  36  3:54  Probe  
  38  4:02  Probe  
  39  4:06  Twilight Council  
  39  4:14  Robotics Facility, Probe  
  40  4:20  Gateway, Stalker  
  40  4:22  Stalker  
  44  4:25  Probe  
  44  4:26  Protoss Ground Weapons Level 1 (Chrono Boost)  
  45  4:31  Assimilator  
  45  4:34  Probe  
  45  4:37  Probe  
  47  4:47  Probe  
  47  4:49  Probe  
  49  4:59  Probe  
  50  5:01  Probe (Chrono Boost)  
  51  5:07  Pylon  
  51  5:12  Probe (Chrono Boost)  
  53  5:19  Probe (Chrono Boost)  
  53  5:20  Stalker x3  
  53  5:21  Stalker  
  62  5:22  Probe (Chrono Boost)  
  62  5:29  Shield Battery  
  62  5:35  Pylon  
  62  5:47  Blink (Chrono Boost)  
  62  5:48  Observer  
  63  5:52  Pylon  
  63  5:57  Pylon  
  63  5:58  Stalker x4  
  71  6:13  Nexus  
  71  6:17  Pylon  
  71  6:19  Pylon  
  71  6:21  Pylon  
  71  6:29  Stalker  
  71  6:30  Stalker x3  
  79  6:39  Observer  
  80  6:53  Photon Cannon  
  80  6:56  Photon Cannon  
  80  6:59  Photon Cannon  
  80  7:02  Photon Cannon  
  80  7:04  Assimilator  
  80  7:15  Stalker x3  
  82  7:16  Stalker  
Show
View Real Time Build Order
Export as new Build Order

FIDALGO Terran 

Build Orders:  

Get SALT Encoding   

  12  0:02  SCV  
  13  0:17  SCV  
  14  0:30  Supply Depot  
  14  0:31  SCV  
  15  0:51  SCV  
  15  0:55  Barracks  
  16  1:05  Barracks  
  16  1:07  SCV  
  17  1:16  Refinery  
  17  1:19  SCV  
  18  1:31  SCV  
  19  1:44  SCV  
  20  1:56  SCV  
  20  2:00  Reaper  
  22  2:03  Command Center  
  22  2:23  Orbital Command  
  22  2:35  Bunker  
  22  2:54  Supply Depot  
  22  3:01  Factory  
  22  3:30  SCV x2  
  22  3:31  Barracks Reactor  
  24  3:42  Orbital Command, SCV  
  25  3:54  SCV  
  26  4:02  Refinery  
  26  4:25  Starport  
  26  4:28  SCV  
  26  4:29  SCV  
  28  4:46  Barracks Tech Lab  
  28  4:48  Hellion x2  
  32  4:53  SCV x2  
  34  5:05  SCV x2  
  36  5:09  Medivac  
  42  5:17  Widow Mine x2, SCV  
  43  5:23  Supply Depot  
  43  5:25  SCV  
  44  5:29  SCV  
  45  5:37  SCV  
  46  5:45  Widow Mine x2, Stimpack, SCV  
  46  5:48  Starport Reactor  
  51  5:55  Barracks  
  51  5:58  Barracks  
  51  6:28  Barracks  
  51  6:31  Barracks  
  51  6:32  Barracks  
  51  6:40  SCV x2  
  53  6:52  SCV  
  54  6:59  Supply Depot  
  54  7:11  Supply Depot  
Tags
 
Add a new tag
Caveats
  • Supply blocks, unpowered buildings, or Contaminate may cause inaccurate times.
  • Supply counts are checked every 10 seconds.